 Dungeon Crawl Stone Soup version 0.22-a0-538-g76cc104 (webtiles) character file.

168 Hebeh the Covered (level 5, -5/49 HPs)
             Began as a Deep Dwarf Fighter on June 23, 2018.
             Slain by an ogre
             ... wielding a +0 giant club
              (13 damage)
             ... on level 3 of the Dungeon.
             The game lasted 00:05:27 (1549 turns).

Hebeh the Covered (Deep Dwarf Fighter)              Turns: 1549, Time: 00:05:28

Health: -5/49      AC:  9    Str: 20    XL:     5   Next: 23%
Magic:  5/5        EV:  7    Int:  9    God:
Gold:   107        SH:  9    Dex: 12    Spells: 4/4 levels left

rFire    . . .     SeeInvis .   k - +1 whip (distort)
rCold    . . .     Gourm    .   c - +0 shield
rNeg     . . .     Faith    .   n - +0 scale mail (curse)
rPois    .         Spirit   .   (no helmet)
rElec    .         Reflect  .   (no cloak)
rCorr    .         Harm     .   g - +1 pair of gloves
MR       .....                  (no boots)
Stlth    ..........             (no amulet)
HPRegen  0.00/turn              (no ring)
MPRegen  0.09/turn              (no ring)

@: non-regenerating
A: damage resistance, heal wounds, sense surroundings 1, no regeneration
a: Heal Wounds


You were on level 3 of the Dungeon.
You were not hungry.

You visited 1 branch of the dungeon, and saw 3 of its levels.

You collected 107 gold pieces.

Inventory:

Hand Weapons
 a - a +0 war axe
 k - a +1 whip of distortion (weapon)
Missiles
 s - 2 javelins of returning (quivered)
Armour
 b - a +0 scale mail
 c - a +0 shield (worn)
 g - a +1 pair of gloves (worn)
 n - a cursed +0 scale mail (worn)
Jewellery
 r - an uncursed ring of see invisible {unknown}
Scrolls
 h - 2 scrolls of amnesia {unknown}
 i - 2 scrolls of teleportation {unknown}
 j - a scroll of enchant weapon {unknown}
 m - a scroll of identify {unknown}
 p - a scroll of fog {unknown}
Potions
 d - a potion of might
 e - 3 potions of curing {unknown}
 o - a potion of ambrosia {unknown}
 q - a potion of haste {unknown}
Comestibles
 f - 5 rations
 l - 4 chunks of flesh


   Skills:
 + Level 3.4 Fighting
 * Level 4.1 Axes
 + Level 4.1 Armour
 + Level 4.1 Shields


You had 4 spell levels left.
You didn't know any spells.
Your spell library was empty.

Dungeon Overview and Level Annotations

Branches:
Dungeon (3/15)

Altars:
Uskayaw
Vehumet


Innate Abilities, Weirdness & Mutations

You are resistant to damage.
You can heal yourself by infusing magical energy.
You passively map a small area around you.
You do not regenerate.


Message History

A frilled lizard comes into view.
You closely miss the ogre. The ogre closely misses you.
You hit the ogre.
Space bends around the ogre.
The ogre is moderately wounded.
You block the ogre's attack.
You hit the ogre but do no damage.
Space bends around the ogre.
The ogre is heavily wounded.
You block the ogre's attack. You block the hobgoblin's attack.
You hit the ogre.
The ogre is heavily wounded.
The goblin completely misses you. The hobgoblin barely misses you.
You hit the ogre.
Space warps horribly around the ogre!
The ogre is almost dead.
The ogre hits you with a giant club!!
Ouch! That really hurt!
* * * LOW HITPOINT WARNING * * *
You block the goblin's attack.
The hobgoblin hits you but does no damage.
You fail to use your ability.
The ogre hits you with a giant club!
You die...

.......# .......######
.......#....# * #
.......#....# * ....
.......#....######......
* *
........................
>
.....##.######.###......
, .....##.#
#....###......* ,
#######.# #.<(.g@Ol.....
, ## #.# #...###g......
* .# #.# #... ....... ,,
.#* #.# #..., ...####
..# #.# #..g .#.# #.#
#...,, ##.# .# #... ** #
.# , , *.. *


You could see an ogre, a hobgoblin, a goblin and a frilled lizard.

Vanquished Creatures
  A phantom (D:2)
  4 adders (D:2)
  A leopard gecko (D:3)
  An orc (D:3)
  8 bats
  3 giant cockroaches (D:2)
  9 goblins
  4 hobgoblins
  6 kobolds
  2 quokkas (D:2)
  5 rats
44 creatures vanquished.

Vanquished Creatures (others)
  A hobgoblin (D:1)
1 creature vanquished.

Grand Total: 45 creatures vanquished

Notes
Turn   | Place    | Note
-------+----------+-------------------------------------------
     0 | D:1      | Hebeh the Deep Dwarf Fighter began the quest for the Orb.
     0 | D:1      | Reached XP level 1. HP: 20/20 MP: 1/1
   177 | D:1      | Reached XP level 2. HP: 21/27 MP: 2/2
   835 | D:2      | Found a radiant altar of Vehumet.
   872 | D:2      | Noticed a phantom
   880 | D:2      | Killed a phantom
   880 | D:2      | Reached XP level 3. HP: 27/34 MP: 3/3
   880 | D:2      | Reached XP level 4. HP: 33/42 MP: 4/4
  1266 | D:2      | Reached XP level 5. HP: 38/49 MP: 5/5
  1508 | D:3      | Found a hide-covered altar of Uskayaw.
  1541 | D:3      | Noticed an ogre
  1549 | D:3      | Slain by an ogre

Vault maps used:
D:1:      dpeg_arrival_central
D:2:      vehumet_crystals
D:3:      minmay_roachtagon, nicolae_overflow_hidden_temple

Skill      XL: |  1  2  3  4 |
---------------+-------------+-----
Fighting       | 3 |  3.4
Axes           | 3 4 |  4.1
Armour         | 4 |  4.1
Shields        | 4 |  4.1

Action                   |  1- 3 |  4- 6 || total
-------------------------+-------+-------++-------
Melee: War axe           |    33 |       ||    33
       Whip              |    22 |    59 ||    81
Throw: Javelin           |       |     1 ||     1
  Eat: Chunk             |       |     2 ||     2
Armor: Scale mail        |    17 |    23 ||    40
Dodge: Dodged            |    11 |    13 ||    24
Block: Shield            |    29 |    30 ||    59

Table legend:
 A = Spawn XP
 B = Non-spawn XP
 C = Spawn XP percentage of total XP
 D = Spawn monster count
 E = Non-spawn monster count
 F = Spawn count percentage of total count
 G = Total turns spent on level
                    A         B        C        D         E        F      G
               +---------+---------+-------+---------+---------+-------+---------
         Total |       0 |     240 |   0.0 |       0 |      45 |   0.0 |  1549
               +---------+---------+-------+---------+---------+-------+---------
           D:1 |       0 |      28 |   0.0 |       0 |      18 |   0.0 |   816
           D:2 |       0 |     201 |   0.0 |       0 |      22 |   0.0 |   637
           D:3 |       0 |      11 |   0.0 |       0 |       5 |   0.0 |    96
               +---------+---------+-------+---------+---------+-------+---------
